 Dungeon Crawl Stone Soup version 0.27-a0-1500-g450c7e4133 (webtiles) character file.

Game seed: 9919342743328087429

749 senseless the Skirmisher (level 7, -7/59 HPs)
             Began as a Palentonga Fighter on July 7, 2021.
             Was a Priest of Cheibriados.
             Mangled by a boulder beetle (13 damage)
             ... on level 6 of the Dungeon.
             The game lasted 00:10:31 (4717 turns).

senseless the Skirmisher (Palentonga Fighter)       Turns: 4717, Time: 00:10:32

Health: -7/59      AC: 21    Str: 28    XL:     7   Next: 48%
Magic:  7/7        EV:  5    Int: 10    God:    Cheibriados [***...]
Gold:   168        SH: 13    Dex: 21    Spells: 6/6 levels left

rFire    . . .     SeeInvis +   m - +8 falchion "Dootabbe" {pain, +Rage Int-4 Dex+6}
rCold    . . .     Faith    .   n - +2 kite shield
rNeg     . . .     Spirit   .   r - +0 chain mail
rPois    .         Reflect  .   (no helmet)
rElec    .         Harm     .   d - +0 cloak
rCorr    .         Rampage  .   j - +0 pair of gloves
Will     +....                  (no barding)
Stlth    ..........             (no amulet)
HPRegen  0.19/turn              f - +4 ring of protection
MPRegen  0.10/turn              l - ring of willpower

@: curled up, very slow
A: large, rugged brown scales 3, see invisible, deformed body, roll 1, armoured
tail, reflexive curl
a: Rolling Charge, Renounce Religion, Evoke Berserk Rage, Bend Time, Temporal
Distortion


You were on level 6 of the Dungeon.
You worshipped Cheibriados.
Cheibriados was most pleased with you.
You visited 1 branch of the dungeon, and saw 6 of its levels.

You collected 168 gold pieces.

Inventory:

Hand Weapons
 h - a +4 mace of protection
 k - a +0 vorpal flail
 m - the +8 falchion "Dootabbe" (weapon) {pain, +Rage Int-4 Dex+6}
   (You found it on level 4 of the Dungeon)

   In the hands of one skilled in necromantic magic, it inflicts extra damage on
   living creatures.
   Int:       It affects your intelligence (-4).
   Dex:       It affects your dexterity (+6).
   +Rage:     It lets you go berserk.
Missiles
 c - 8 silver javelins
Armour
 d - a +0 cloak (worn)
 j - a +0 pair of gloves (worn)
 n - a +2 kite shield (worn)
 r - a +0 chain mail (worn)
Jewellery
 f - a +4 ring of protection (left hand)
 l - a ring of willpower (right hand)
Wands
 a - a wand of charming (8)
Scrolls
 e - 3 scrolls of identify
Potions
 i - a potion of flight


   Skills:
 + Level 5.1 Fighting
 + Level 2.9 Long Blades
 - Level 3.2 Maces & Flails
 + Level 4.2 Armour
 + Level 4.2 Shields


You had 6 spell levels left.
You didn't know any spells.
Your spell library contained the following spells:

 Spells                   Type           Power      Damage    Failure   Level
 Ensorcelled Hibernation  Hex/Ice        0%         N/A       100%        2
 Slow                     Hex            0%         N/A       100%        2
 Confusing Touch          Hex            0%         N/A       100%        3
 Spider Form              Tmut/Pois      0%         N/A       100%        3
 Vampiric Draining        Necr           0%         2d6       100%        3
 Shadow Creatures         Summ           N/A        N/A       100%        6


Dungeon Overview and Level Annotations

Branches:
Dungeon (6/15)             Temple (0/1) D:5

Altars:
Cheibriados
Okawaru
Qazlal
Xom

Shops:
D:1 *

Portals:
Ossuary: D:6

Annotations:
D:6 asdu's ghost, amateur SpEn


Innate Abilities, Weirdness & Mutations

You are completely covered in rugged brown scales. (AC +3, +7% HP)
You have supernaturally acute eyesight. (SInv)
Armour fits poorly on your strangely shaped body.
You can roll at nearby foes to attack.
You have a long armoured tail.
You curl defensively after being hit.


Message History

You riposte.
You slash the bullfrog skeleton!
You destroy the bullfrog skeleton!
Cheibriados thoroughly appreciates the change of pace.
The white imp picks up a beetle and eats it.
The white imp disappears for a moment.
The white imp shouts, "Scamper hence, thou villainous clapper-clawed beggar!"
HP restored.
The white imp shouts, "Flee, thou venomed weather-bitten apple-john!"
A boulder beetle comes into view.
The boulder beetle curls into a ball and begins rolling!
Found a potion of might.
The boulder beetle hits you!
The boulder beetle stops rolling and uncurls.
You open the door. The boulder beetle bites you!
Found a sand-covered staircase.
You barely miss the boulder beetle. You block the boulder beetle's attack.
You slash the boulder beetle!
You tail-slap the boulder beetle, but do no damage.
The boulder beetle is lightly wounded.
The boulder beetle bites you!
You hit the boulder beetle.
You tail-slap the boulder beetle, but do no damage.
The boulder beetle is lightly wounded.
The boulder beetle leaps!
The boulder beetle curls into a ball and begins rolling!
There is an open door here.
The boulder beetle hits you!!
* * * LOW HITPOINT WARNING * * *
The boulder beetle stops rolling and uncurls.
Okay, then.
You hit the boulder beetle but do no damage.
You tail-slap the boulder beetle, but do no damage.
The boulder beetle is lightly wounded.
You block the boulder beetle's attack.
You slash the boulder beetle!
You tail-slap the boulder beetle, but do no damage.
The boulder beetle is moderately wounded.
You hear the slow hiss of an avalanche of sand.
The boulder beetle bites you!
You die...

##...### #....#
#..... ##.##
##....# ..###.
#..# #.....
##.######......
######..##....##
................#
!........○#'#...#
..........#B# .#
........###@#
....B...+..∩..+
.°......###.###
....###.. #.# .##
#. #+#


You could see a boulder beetle.

Vanquished Creatures
  Eustachio (D:5)
  A water moccasin (D:5)
  A phantom (D:5)
  Blork the orc (D:5)
  A scorpion (D:5)
  A wyvern skeleton (D:5)
  Crazy Yiuf (D:2)
  A hound (D:4)
  2 orc priests
  A bullfrog skeleton (D:6)
  A howler monkey zombie (D:6)
  2 adders (D:3)
  An ufetubus (D:4)
  2 worms
  2 dart slugs (D:2)
  5 orcs
  3 endoplasms
  A giant cockroach (D:3)
  3 goblins
  6 hobgoblins
  10 jackals
  5 ball pythons
  4 bats
  9 kobolds
  4 rats (D:2)
69 creatures vanquished.

Vanquished Creatures (others)
  4 toadstools (D:1)
4 creatures vanquished.

Grand Total: 73 creatures vanquished

Notes
Turn   | Place    | Note
-------+----------+-------------------------------------------
     0 | D:1      | senseless the Palentonga Fighter began the quest for the
                  | Orb.
     0 | D:1      | Reached XP level 1. HP: 19/19 MP: 1/1
    38 | D:1      | Found Kuwotik's Assorted Antiques.
   331 | D:1      | Reached XP level 2. HP: 24/25 MP: 2/2
   773 | D:2      | Found a faded altar of an unknown god.
   779 | D:2      | Became a worshipper of Cheibriados the Contemplative
   779 | D:2      | Reached * piety under Cheibriados
  1215 | D:2      | Reached XP level 3. HP: 31/31 MP: 3/3
  1343 | D:2      | Found a runed translucent door.
  1344 | D:2      | Noticed Crazy Yiuf
  1611 | D:2      | Killed Crazy Yiuf
  1794 | D:3      | Reached XP level 4. HP: 37/37 MP: 4/4
  1852 | D:3      | Reached ** piety under Cheibriados
  2635 | D:4      | Reached XP level 5. HP: 44/44 MP: 5/5
  2955 | D:4      | Reached skill level 4 in Fighting
  3008 | D:4      | Identified the +8 falchion "Dootabbe" {pain, +Rage Int-4
                  | Dex+6}
  3294 | D:4      | Found an iron altar of Okawaru.
  3294 | D:4      | Found a shimmering altar of Xom.
  3295 | D:4      | Found a stormy altar of Qazlal.
  3481 | D:5      | Entered Level 5 of the Dungeon
  3649 | D:5      | Noticed a water moccasin
  3652 | D:5      | Noticed Eustachio
  3656 | D:5      | Killed a water moccasin
  3657 | D:5      | Reached skill level 1 in Long Blades
  3657 | D:5      | Reached XP level 6. HP: 44/52 MP: 6/6
  3671 | D:5      | Killed Eustachio
  3867 | D:5      | Found a staircase to the Ecumenical Temple.
  4010 | D:5      | Noticed Blork the orc
  4013 | D:5      | Killed Blork the orc
  4014 | D:5      | Gained mutation: You curl defensively after being hit.
                  | [Palentonga growth]
  4014 | D:5      | Reached XP level 7. HP: 58/58 MP: 7/7
  4194 | D:5      | Reached skill level 5 in Fighting
  4225 | D:5      | Reached *** piety under Cheibriados
  4690 | D:6      | Noticed asdu's ghost (amateur SpEn)
  4705 | D:6      | Noticed a boulder beetle
  4709 | D:6      | Found a sand-covered staircase.
  4717 | D:6      | Mangled by a boulder beetle

Illustrated notes

Levels and vault maps discovered:
D:1:      ldierk_water_garden, layout_basic, serial_shops, shop,
          amcnicky_mini_corridor_feature, minmay_door_square,
          chequers_serial_rivers_small_b
D:2:      layout_loops_corners, dreamdust_ecumenical_altar_angels_and_demons,
          uniq_crazy_yiuf_cottage
D:3:      layout_loops_corners
D:4:      layout_loops_corners, gammafunk_temple_overflow_claw, serial_bayou,
          serial_bayou_crossing, serial_bayou_ford_a, serial_bayou_pond_d,
          serial_bayou_shore_b, serial_bayou_lagoon_b, serial_bayou_shore_b,
          grunt_decor_one_mirror
D:5:      layout_basic, minmay_temple_entry_fiery, uniq_blork_the_orc,
          uniq_eustachio
D:6:      layout_layer_cave, gammafunk_ghost_icy, nicolae_ossuary_entry_plus,
          grunt_tough_drop, uniq_duvessa

Skill      XL: |  1  2  3  4  5  6  7 |
---------------+----------------------+-----
Shields        | 3 4 |  4.2
Armour         | 3 4 |  4.2
Maces & Flails | 3 |  3.2
Fighting       | 4 5 |  5.1
Long Blades    | 1 2 |  2.9

Action                   |  1- 3 |  4- 6 |  7- 9 || total
-------------------------+-------+-------+-------++-------
Melee: Flail             |    76 |       |       ||    76
       Tailslap          |     7 |    10 |    10 ||    27
       Mace              |     2 |    51 |       ||    53
       Falchion          |       |    27 |    23 ||    50
 Abil: Rolling Charge    |    23 |    19 |     3 ||    45
  Use: Potion            |     1 |       |       ||     1
       Scroll            |       |       |     5 ||     5
Armor: Scale mail        |    31 |    41 |     5 ||    77
Dodge: Dodged            |    25 |    23 |     1 ||    49
Block: Kite shield       |    39 |    45 |    14 ||    98
       Rpst.: Falchion   |       |     2 |     1 ||     3

Table legend: (Time is in decaauts)
 A = Elapsed time spent in this place.
 B = Non-inter-level travel time spent in this place.
 C = Inter-level travel time spent in this place.
 D = Time resting spent in this place.
 E = Time spent auto-exploring this place.
 F = Levels seen in this place.
 G = Mean time per level.
                   A        B        C        D        E       F      G
               +--------+--------+--------+--------+--------+-----+--------+
         Total |   6456 |   5989 |    467 |      0 |   5446 |   6 | 1076.0 |
       Dungeon |   6456 |   5989 |    467 |      0 |   5446 |   6 | 1076.0 |
               +--------+--------+--------+--------+--------+-----+--------+

Top non-repeatable levels by time:
     D:5: 1623 daAuts
     D:4: 1406 daAuts
     D:2: 1321 daAuts
     D:3: 1243 daAuts
     D:1: 761 daAuts
     D:6: 99 daAuts
